 Dungeon Crawl Stone Soup version 0.30.1-11-g7821555f0a (webtiles) character file.

Game seed: 11463360127776778390

26949 cowcol the Severer (level 13, -1/125 HPs)
             Began as a Minotaur Fighter on Dec 28, 2023.
             Was a High Priest of Okawaru.
             Succumbed to a cane toad's poison
             ... on level 2 of the Lair of Beasts.
             The game lasted 00:42:00 (19378 turns).

cowcol the Severer (Minotaur Fighter)              Turns: 19378, Time: 00:42:01

Health: -1/125     AC: 24    Str: 23    XL:     13   Next: 1%
Magic:  2/14       EV: 11    Int:  7    God:    Okawaru [*****.]
Gold:   898        SH:  0    Dex: 11    Spells: 12/12 levels left

rFire   . . .        J - +4 dire flail
rCold   + . .        (shield currently unavailable)
rNeg    . . .        G - +1 chain mail {Will+}
rPois   .            (helmet unavailable)
rElec   .            Y - +2 cloak
rCorr   .            (no gloves)
SInv    .            H - +2 pair of boots
Will    +++..        o - amulet of guardian spirit Stlth
                     D - ring of willpower
HPRegen 0.40/turn    N - ring of Retog {+Blink Will+ Slay+2}
MPRegen 0.14/turn

%: clarity, guardian spirit
@: lethally poisoned (-1 -> -4), heroic, on blink cooldown
A: horns 3, retaliatory headbutt, iridescent scales 1, clarity, cold resistance
1, wild magic 1
a: Renounce Religion, Evoke Blink, Heroism, Finesse, Duel


You were on level 2 of the Lair of Beasts.
You worshipped Okawaru.
Okawaru was extremely pleased with you.
You visited 3 branches of the dungeon, and saw 15 of its levels.
You also visited: Ice Cave.

You collected 898 gold pieces.

Inventory:

Hand Weapons
 a - a +0 war axe
 E - a +3 dire flail
 J - a +4 dire flail (weapon)
 L - a +0 heavy battleaxe
 V - a +2 hand axe of flaming
Missiles
 u - 12 boomerangs (quivered)
 F - 2 silver boomerangs
 X - 5 curare-tipped darts
Armour
 b - a +0 scale mail
 c - a +0 buckler
 x - a +1 kite shield
 y - a +0 chain mail
 G - a +1 chain mail of willpower (worn)
 H - a +2 pair of boots (worn)
 O - a +3 ring mail of positive energy
 Y - a +2 cloak (worn)
 Z - a +1 hat
Jewellery
 d - a ring of fire
 o - an amulet of guardian spirit (around neck)
 D - a ring of willpower (left hand)
 N - the ring of Retog (right hand) {+Blink Will+ Slay+2}
   (You found it on level 9 of the Dungeon)

   [ring of willpower]

   Slay:      It affects your accuracy & damage with ranged weapons and melee
   (+2).
   +Blink:    It lets you blink.
   Will:      It increases your willpower.
 R - a ring of ice
Wands
 r - a wand of iceblast (18)
 s - a wand of quicksilver (12)
 C - a wand of mindburst (19)
 I - a wand of flame (9)
Scrolls
 e - 4 scrolls of fog
 g - 10 scrolls of teleportation
 h - 4 scrolls of amnesia
 i - 2 scrolls of torment
 j - 2 scrolls of fear
 l - a scroll of magic mapping
 m - 3 scrolls of immolation
 n - 4 scrolls of blinking
 p - 3 scrolls of silence
 v - a scroll of vulnerability
 P - a scroll of poison
 T - 2 scrolls of identify
 W - a scroll of summoning
Potions
 f - a potion of cancellation
 k - 3 potions of curing
 q - a potion of degeneration {unknown}
 t - a potion of brilliance
 w - a potion of ambrosia
 z - 2 potions of magic {unknown}
 A - 2 potions of haste {unknown}
 B - 2 potions of mutation
 K - 2 potions of resistance {unknown}
 M - a potion of attraction {unknown}
 Q - 3 potions of flight {unknown}
 S - 2 potions of heal wounds {unknown}
 U - a potion of might


   Skills:
 + Level 14.5(19.5) Fighting
 - Level 17.9(23.1) Axes
 + Level 4.9(17.7) Maces & Flails
 - Level 1.0(6.0) Throwing
 - Level 12.0(17.0) Armour
 - Level 4.0(9.0) Shields
 - Level 3.0 Invocations


You had 12 spell levels left.
You didn't know any spells.
Your spell library contained the following spells:

 Spells                   Type           Power      Damage    Failure   Level
 Sandblast                Erth           0%         2d4       88%         1
 Slow                     Hex            0%         N/A       88%         1
 Blink                    Tloc           0%         N/A       96%         2
 Cigotuvi's Dreadful Rot  Necr/Pois/Air  0%         N/A       96%         2
 Ensorcelled Hibernation  Hex/Ice        0%         N/A       96%         2
 Lesser Beckoning         Tloc           0%         N/A       96%         2
 Momentum Strike          Conj/Tloc      0%         3d8       96%         2
 Passwall                 Tmut/Erth      0%         N/A       96%         2
 Scorch                   Fire           0%         2d5       96%         2
 Sublimation of Blood     Necr           0%         N/A       96%         2
 Wereblood                Tmut           0%         N/A       96%         2
 Confusing Touch          Hex            0%         N/A       99%         3
 Dazzling Flash           Conj/Hex       0%         N/A       99%         3
 Hailstorm                Conj/Ice       0%         3d3       99%         3
 Ozocubu's Armour         Ice            0%         N/A       99%         3
 Stone Arrow              Conj/Erth      0%         3d7       99%         3
 Swiftness                Air            0%         N/A       99%         3
 Vampiric Draining        Necr           0%         2d6       99%         3
 Vhi's Electric Charge    Tloc/Air       0%         N/A       99%         3
 Volatile Blastmotes      Fire/Tloc      0%         2d10      99%         3
 Dispel Undead            Necr           0%         3d6       100%        4
 Flame Wave               Conj/Fire      0%         2d4       100%        4
 Ice Form                 Ice/Tmut       0%         N/A       100%        4
 Iskenderun's Mystic Bla  Conj/Tloc      0%         2d3       100%        4
 Agony                    Necr           0%         N/A       100%        5
 Arcjolt                  Conj/Air       0%         1d10      100%        5
 Silence                  Hex/Air        0%         N/A       100%        5
 Plasma Beam              Fire/Air       0%         2x1d11    100%        6
 Starburst                Conj/Fire      0%         6d3       100%        6
 Ozocubu's Refrigeration  Ice            0%         4d7       100%        7
 Death Channel            Necr           Unusable   N/A       N/A         6
 Simulacrum               Ice/Necr       Unusable   N/A       N/A         6
 Summon Cactus Giant      Summ           Unusable   N/A       N/A         6
 Summon Hydra             Summ           Unusable   N/A       N/A         7

Dungeon Overview and Level Annotations

Branches:
Dungeon (11/15)            Temple (1/1) D:6            Lair (3/5) D:9
 Shoals (0/4) Lair:3        IceCv (visited)
  Snake: Lair:2-3    Spider: Lair:2-3       Orc: D:9-12

Altars:
Ashenzari
Cheibriados
Dithmenos
Elyvilon
Fedhas
Gozag
Kikubaaqudgha
Makhleb
Nemelex Xobeh
Okawaru
Qazlal
Ru
Sif Muna
Uskayaw
Vehumet
Xom
Yredelemnul
Zin
The Shining One

Shops:
D:4 :   D:9 [   D:11 (

Annotations:
D:11 1 runed translucent door, Rangus's ghost, journeyman VSBr


Innate Abilities, Weirdness & Mutations

You have a pair of large horns on your head.
You reflexively headbutt those who attack you in melee.
You are partially covered in iridescent scales. (AC +2)
You possess an exceptional clarity of mind.
Your flesh is cold resistant. (rC+)
Your spells are a little harder to cast, but a little more powerful.


Message History

You puncture the blink frog!
You kill the blink frog!
Okawaru accepts your kill.
You feel very sick.
The blink frog hits you but does no damage.
You miss the blink frog.
You feel sick.
The blink frog blinks! x2
The cane toad stings you!
* * * LOW HITPOINT WARNING * * *
* * * LOW HITPOINT WARNING * * *
You feel very sick.
The blink frog hits you but does no damage.
The cane toad stings you.
* * * LOW HITPOINT WARNING * * *
The blink frog hits you but does no damage.
The blink frog completely misses you.
You blink.
A blink frog comes into view.
Found a ring mail.
A sourceless malevolence fills the Lair of Beasts... and a teleportation trap spontaneously manifests!
You are yanked towards a nearby monster!
Your surroundings suddenly seem different.
A cane toad comes into view.
Found 4 stones.
Found a sparkling altar of Nemelex Xobeh.
Found a stone staircase leading up.
* * * LOW HITPOINT WARNING * * *
You feel very sick.
The cane toad gives a loud, deep croak!
The blink frog moves out of view.
* * * LOW HITPOINT WARNING * * *
You feel sick.
A boulder beetle comes into view.
* * * LOW HITPOINT WARNING * * *
You feel sick.
There is a stone staircase leading up here.
Okay, then.
* * * LOW HITPOINT WARNING * * *
You feel sick.
You climb upwards.
You die...

.........# ##.### #...
.........# #..# ##..
.........# ##..# ###
.........# #..## #
.........###...##
.............P#.##
.........##.P....##
........#...#.....### #
.........P.#....@...## #
...........#.........###
#
#.......##...........#.#
###
###.#P####.............##
#.. #####
##............#.# ##.
##.### #.#.............#
##.#
##....####.............##
##..#
#......####...........##
###..## ........#
#...........# ##....##


There were no monsters in sight!

Vanquished Creatures
  Fannar (D:10)
  2 hydras
  A boulder beetle (D:11)
  A centaur warrior (D:11)
  A two-headed ogre (D:8)
  Amaemon (D:8)
  A bog body (IceCv)
  An orc knight (D:11)
  A necromancer (IceCv)
  A cyclops (D:11)
  An ugly thing (D:11)
  A black mamba (Lair:2)
  An orange demon (D:8)
  2 cane toads (Lair:2)
  Joseph (D:8)
  2 ice statues (IceCv)
  A kobold demonologist (D:11)
  A rime drake (Lair:2)
  3 anaconda simulacra (IceCv)
  A komodo dragon (Lair:1)
  7 ice devils (IceCv)
  A troll (D:9)
  A hornet (D:9)
  5 blink frogs
  2 dire elephant simulacra (IceCv)
  2 wraiths
  38 yaks
  2 shadows
  2 wyverns (D:9)
  A basilisk (Lair:2)
  A steam dragon (D:7)
  2 vampire mosquitoes (D:11)
  3 wargs
  2 acid dragons
  4 harpy simulacra (IceCv)
  3 water moccasins
  A hydra simulacrum (IceCv)
  7 orc warriors
  A sky beast (D:8)
  2 ice beasts
  2 black bears
  2 ogres
  10 wolves (Lair:2)
  A phantom (D:6)
  2 centaurs
  A kobold brigand (D:10)
  2 bullfrogs
  2 gnoll sergeants
  4 scorpions
  14 wights
  3 killer bees (D:10)
  A howler monkey (D:5)
  A jelly (D:6)
  3 hounds
  11 orc priests
  2 gnoll boudas
  An iguana (D:5)
  A sleepcap (D:4)
  14 orc wizards
  A spriggan simulacrum (IceCv)
  A wolf simulacrum (IceCv)
  The ghost of RancidPinata the Sneak, a weakling GrDe (D:4)
  Robin (D:3)
  9 adders
  18 gnolls
  13 white imps
  2 ufetubi (IceCv)
  4 dart slugs
  52 orcs
  5 endoplasms
  A giant cockroach (D:4)
  26 goblins
  4 hobgoblins
  9 jackals
  14 kobolds
  4 quokkas
  6 ball pythons
  5 bats
  3 frilled lizards
  6 rats
374 creatures vanquished.

Vanquished Creatures (others)
  An orc wizard (D:7)
1 creature vanquished.

Grand Total: 375 creatures vanquished

Notes
Turn   | Place    | Note
-------+----------+-------------------------------------------
     0 | D:1      | cowcol the Minotaur Fighter began the quest for the Orb.
     0 | D:1      | Reached XP level 1. HP: 19/19 MP: 0/0
    55 | D:1      | Reached XP level 2. HP: 27/27 MP: 1/1
   618 | D:2      | Reached skill level 3 in Axes
   618 | D:2      | Reached XP level 3. HP: 33/33 MP: 2/2
  1006 | D:2      | Reached XP level 4. HP: 41/41 MP: 3/3
  1183 | D:3      | Noticed an ogre
  1193 | D:3      | Killed an ogre
  1194 | D:3      | Reached skill level 4 in Axes
  1194 | D:3      | Reached skill level 5 in Armour
  1194 | D:3      | Reached XP level 5. HP: 47/47 MP: 4/4
  1302 | D:3      | Reached skill level 5 in Axes
  1355 | D:3      | Noticed Robin
  1363 | D:3      | Reached skill level 5 in Fighting
  1372 | D:3      | Killed Robin
  1379 | D:3      | Reached XP level 6. HP: 54/56 MP: 5/5
  1627 | D:3      | Gained mutation: You are vulnerable to cold. (rC-) [potion
                  | of mutation]
  1627 | D:3      | Gained mutation: You have a pair of large horns on your
                  | head. [potion of mutation]
  1628 | D:3      | Lost mutation: You have a pair of large horns on your head.
                  | [potion of mutation]
  1628 | D:3      | Lost mutation: You are vulnerable to cold. (rC-) [potion of
                  | mutation]
  1628 | D:3      | Gained mutation: Your spells are a little easier to cast,
                  | but a little less powerful. [potion of mutation]
  1628 | D:3      | Gained mutation: You are covered in fur. (AC +1) [potion of
                  | mutation]
  2095 | D:4      | Found a runed translucent door.
  2107 | D:4      | Noticed RancidPinata's ghost (weakling GrDe)
  2113 | D:4      | Killed RancidPinata's ghost
  2153 | D:4      | Reached skill level 6 in Axes
  2362 | D:4      | Found Ariri's Self-Improvement Boutique.
  2408 | D:4      | Noticed an orc warrior
  2440 | D:4      | Killed an orc warrior
  2441 | D:4      | Reached skill level 1 in Throwing
  2441 | D:4      | Reached XP level 7. HP: 55/61 MP: 6/6
  2690 | D:5      | Entered Level 5 of the Dungeon
  2699 | D:5      | Reached skill level 7 in Axes
  2991 | D:5      | Found a blossoming altar of Fedhas.
  3399 | D:5      | Reached XP level 8. HP: 70/70 MP: 7/7
  3607 | D:6      | Reached skill level 8 in Axes
  3646 | D:6      | Found a staircase to the Ecumenical Temple.
  3660 | Temple   | Entered the Ecumenical Temple
  3668 | Temple   | Became a worshipper of Warmaster Okawaru
  3879 | D:6      | Found a hide-covered altar of Uskayaw.
  3882 | D:6      | Lost mutation: You are covered in fur. (AC +1) [potion of
                  | mutation]
  3882 | D:6      | Lost mutation: Your spells are a little easier to cast, but
                  | a little less powerful. [potion of mutation]
  3882 | D:6      | Gained mutation: You are partially covered in iridescent
                  | scales. (AC +2) [potion of mutation]
  3882 | D:6      | Gained mutation: You are weak. (Str -2) [potion of
                  | mutation]
  3882 | D:6      | Gained mutation: You have hidden genetic potential. [potion
                  | of mutation]
  4207 | D:6      | Reached skill level 9 in Axes
  5018 | D:7      | Reached * piety under Okawaru
  5163 | D:7      | Reached XP level 9. HP: 63/79 MP: 5/8
  5708 | D:7      | Reached skill level 10 in Axes
  6495 | D:7      | Gained mutation: You have great hidden genetic potential.
                  | [hidden potential]
  7151 | D:8      | Found a shimmering blue altar of Sif Muna.
  7199 | D:8      | Noticed Joseph
  7247 | D:8      | Killed Joseph
  7248 | D:8      | Reached skill level 11 in Axes
  7269 | D:8      | Reached ** piety under Okawaru
  7270 | D:8      | Reached skill level 10 in Armour
  7298 | D:8      | Reached skill level 12 in Axes
  7298 | D:8      | Reached XP level 10. HP: 21/90 MP: 3/9
  7773 | D:8      | Gained mutation: You are covered in fur. (AC +1) [hidden
                  | potential]
  7773 | D:8      | Lost mutation: You have great hidden genetic potential.
                  | [hidden potential expressed]
  8110 | D:8      | Found a glowing silver altar of Zin.
  8327 | D:8      | Noticed Amaemon
  8327 | D:8      | Noticed an orange demon
  8342 | D:8      | Killed Amaemon
  8342 | D:8      | Reached *** piety under Okawaru
  8343 | D:8      | Reached skill level 1 in Invocations
  8348 | D:8      | Killed an orange demon
  8349 | D:8      | Reached skill level 13 in Axes
  9181 | D:9      | Reached **** piety under Okawaru
  9183 | D:9      | Identified the ring of Retog {+Blink Will+ Slay+2}
  9513 | D:9      | Noticed a two-headed ogre
  9725 | D:8      | Killed a two-headed ogre
 10054 | D:9      | Found a staircase to the Lair.
 10196 | D:9      | Paralysed by a hornet for 3 turns
 10203 | D:9      | Reached skill level 14 in Axes
 10203 | D:9      | Reached XP level 11. HP: 71/99 MP: 5/10
 10406 | D:9      | Found Saebbual's Armour Shoppe.
 10820 | D:9      | Found a snail-covered altar of Cheibriados.
 10888 | D:10     | Entered Level 10 of the Dungeon
 10970 | D:10     | Reached skill level 10 in Fighting
 10982 | D:10     | Gained mutation: You possess an exceptional clarity of
                  | mind. [hidden potential]
 10983 | D:10     | Lost mutation: You are weak. (Str -2) [potion of mutation]
 10983 | D:10     | Lost mutation: You are covered in fur. (AC +1) [potion of
                  | mutation]
 10983 | D:10     | Gained mutation: Your flesh is cold resistant. (rC+)
                  | [potion of mutation]
 10983 | D:10     | Gained mutation: You have a pair of large horns on your
                  | head. [potion of mutation]
 11338 | D:10     | Reached skill level 15 in Axes
 12001 | D:10     | Reached ***** piety under Okawaru
 12005 | D:10     | Noticed Fannar
 12048 | D:10     | Killed Fannar
 12500 | D:10     | Found a glowing golden altar of the Shining One.
 12737 | D:11     | Noticed Rangus's ghost (journeyman VSBr)
 12737 | D:11     | Found a frozen archway.
 12737 | D:11     | Found a runed translucent door.
 12760 | IceCv    | Entered an ice cave
 12994 | IceCv    | Reached skill level 16 in Axes
 13770 | IceCv    | Reached XP level 12. HP: 72/110 MP: 8/12
 14313 | IceCv    | Reached skill level 17 in Axes
 14327 | IceCv    | Gained mutation: Your spells are a little harder to cast,
                  | but a little more powerful. [hidden potential]
 14327 | IceCv    | Lost mutation: You have hidden genetic potential. [hidden
                  | potential expressed]
 14390 | D:11     | Noticed a boulder beetle
 14411 | D:11     | Killed a boulder beetle
 14984 | D:11     | Found Gotof's Weapon Boutique.
 15536 | D:11     | Noticed a seven-headed hydra
 15560 | D:11     | Killed a seven-headed hydra
 15569 | D:11     | Reached skill level 1 in Maces & Flails
 15853 | D:11     | Noticed a centaur warrior
 15862 | D:11     | Killed a centaur warrior
 15862 | D:11     | Received a gift from Okawaru
 16835 | Lair:1   | Entered Level 1 of the Lair of Beasts
 16960 | Lair:1   | Identified the +0 robe of the Arena {Harm}
 17021 | Lair:1   | Found a stormy altar of Qazlal.
 17458 | Lair:1   | Identified the +2 ring mail of Death Resistance {Will-
                  | Int+2 Dex+3 SInv}
 19353 | Lair:3   | Found a staircase to the Shoals.
 19354 | Lair:3   | Noticed a seven-headed hydra
 19365 | Lair:3   | Killed a seven-headed hydra
 19366 | Lair:3   | Reached XP level 13. HP: 46/125 MP: 4/14
 19374 | Lair:3   | Found a sparkling altar of Nemelex Xobeh.
 19374 | Lair:3   | HP: 5/125 [poisoned by a cane toad]
 19376 | Lair:3   | HP: 1/125 [poisoned by a cane toad]
 19378 | Lair:2   | Succumbed to a cane toad's poison

Illustrated notes

Levels and vault maps discovered:
D:1:      spicycebolla_arrival_xxxplode, layout_loops_ring, minmay_statues_item,
          serial_park_tiny_pond
D:2:      layout_rooms
D:3:      minmay_skewed_foursquare, layout_basic, minmay_quantized, uniq_robin
D:4:      layout_basic, ebering_ghost_reflecting_pool, nicolae_shop_self_help
D:5:      layout_gridville, mainiacjoe_overflow_six_doors_small
D:6:      layout_cave_pods, amcnicky_altar_gilded,
          minmay_temple_entry_proselytizer
D:7:      layout_gridville
D:8:      layout_basic, mainiacjoe_overflow_tiny_flanked,
          mainiacjoe_overflow_brackets, uniq_joseph, uniq_amaemon
D:9:      layout_long_grid, kennysheep_little_box, erik_lair_orcish_takeover,
          serial_shops, shop
D:10:     layout_roguey, tso_oasis_becter, serial_rivers,
          chequers_serial_rivers_micro_b, chequers_serial_rivers_micro_a,
          chequers_serial_rivers_marsh, chequers_serial_rivers_large_b,
          chequers_serial_rivers_micro_a, uniq_fannar
D:11:     minmay_slanted_spiral_squares, layout_irregular_city,
          hellmonk_ghost_big_iron, portal_ice_cave_entry_imps, serial_shops,
          nicolae_shop_mannequins
Temple:   nicolae_temple_x_marks_the_god
Lair:1:   layout_misc_corridors, basic_altar
Lair:2:   layout_cave_pods
Lair:3:   gammafunk_indiana_jones, layout_cave_shapes, elwin_shoals_entry_rocks,
          nicolae_snake_entry_squirm, basic_altar, uniq_gastronok

Skill      XL: |  1  2  3  4  5  6  7  8  9 10 11 12 |
---------------+-------------------------------------+-----
Fighting       | 4 5 6 7 8 9 11 14 | 14.5
Shields        | 4 |  4.0
Armour         | 4 5 7 8 10 11 12 | 12.0
Axes           | 3 4 5 6 7 9 12 14 16 17 | 17.9
Throwing       | 1 |  1.0
Invocations    | 1 2 3 |  3.0
Maces & Flails | 4 |  4.9

Action                     |  1- 3 |  4- 6 |  7- 9 | 10-12 | 13-15 || total
---------------------------+-------+-------+-------+-------+-------++-------
  Melee: War axe           |    73 |   166 |   265 |   492 |       ||   996
         Headbutt          |     6 |    21 |    44 |   120 |     1 ||   192
         Battleaxe         |       |       |       |    86 |       ||    86
         Dire flail        |       |       |       |    22 |     6 ||    28
  Throw: Boomerang         |       |    29 |    16 |    10 |       ||    55
         Dart              |       |     2 |       |       |       ||     2
 Invoke: Heroism           |       |       |     4 |    16 |     1 ||    21
Ability: Evoke Blink       |       |       |       |       |     1 ||     1
  Evoke: Wand              |       |     1 |       |       |       ||     1
    Use: Scroll            |     5 |     3 |     5 |     6 |       ||    19
         Potion            |       |     4 |     3 |     4 |       ||    11
 Armour: Scale mail        |    41 |    56 |    19 |       |       ||   116
         Chain mail        |       |       |    98 |   313 |     5 ||   416
         Ring mail         |       |       |       |    24 |       ||    24
  Dodge: Dodged            |    37 |    62 |    78 |   202 |     8 ||   387
  Block: Buckler           |    18 |    39 |     4 |       |       ||    61
         Kite shield       |       |       |    82 |   203 |       ||   285
